groovejumper, neutral female human Wizard ------ ######..0..| --------------- # |....| |.............| ### |....| |.............|##[################### # ##.....| |......h.M...>-## [ # -------------# ### % |..).| |......^@......## #|`.........`|# ------- # ### |....| |.........f...|### ......`.....|# |.....|### # ----.- -------.-..---- [% #|...-----...-####...)...# ### # ############ #[# |...|.{.|...| |.<...| % # # |..`|{.{|`..| ------- ### # ### |...|.{.|...| # ### # |...--.--...| ### % ### |.....`.....| # ########## ## # # |`.........`| ### --.----.- --+-|---------- ------------- # |.......| |..............######################################### |^......| |.............| #########....*...| --------------- --------- groovejumper the Thaumaturge Experience level: 7 Strength: 11 Dexterity: 17 Constitution: 13 Intelligence: 18 Wisdom: 10 Charisma: 10 Health: 0(49) Energy: 2(72) AC: 8 Gold: 85 Moves: 3073 Your Inventory: Coins $ - 85 gold pieces Weapons a - a blessed +1 quarterstaff (weapon in hands) Armor b - an uncursed +0 cloak of magic resistance (being worn) X - an [uncursed] +0 leather jacket (being worn) Comestibles j - an [uncursed] lizard corpse q - 4 [uncursed] food rations r - an [uncursed] food ration S - an [uncursed] lembas wafer Scrolls i - 2 uncursed scrolls of remove curse k - an uncursed scroll of light o - 2 [cursed] scrolls labeled HZLRC KSTSBD MPFNG [of confuse monster] B - a [cursed] scroll labeled ACHAT SHTAYIM SHALOSH [of magic mapping] Spellbooks l - a blessed spellbook of force bolt Potions f - a blessed potion of gain energy h - 2 uncursed clear potions [of water] u - 2 [uncursed] clear potions [of water] P - an [uncursed] clear potion [of water] Y - a [blessed] murky potion [of see invisible] Rings d - an uncursed +2 ring of gain strength e - an uncursed ring of poison resistance Wands c - an uncursed wand of magic missile (0:7) C - an uncursed wand of cancellation (0:6) F - an uncursed wand of striking (0:8) G - an [uncursed] wand of magic missile [0:5] W - an [uncursed] wand of magic missile [0:7] Tools g - an [uncursed +0] pick-axe n - an [uncursed oil] lamp K - an [uncursed] lock pick Spells known in the end: Name Level Category Fail Memory a - force bolt 1 attack 0% [|||||||.] b - cure sickness 3 healing 77% [|||||||.] Your skills at the end: Fighting Skills Weapon Skills quarterstaff [Basic / Expert] Spellcasting Skills attack spells [Basic / Expert] enchantment spells [Basic / Skilled] Final Attributes: You were piously aligned. Hunger level was 330. Your alignment was 25 / 25. Monster difficulty range was 0 - 6. Level difficulty was 5. You were magic-protected. Your luck was zero. You are dead. Vanquished creatures: a small mimic a quivering blob a leprechaun a lizard 2 blue jellies a dust vortex a human zombie an enormous rat a violet fungus a red naga hatchling a guardian naga hatchling 2 elf zombies a little dog 4 floating eyes 2 dwarves 8 hill orcs 5 rothes 2 dwarf zombies a wererat 2 iguanas 6 killer bees 2 coyotes a gas spore 3 hobbits 2 manes a hobgoblin 2 giant rats a cave spider a yellow mold 2 green molds 3 red molds 4 geckos 5 jackals a fox a kobold a goblin 2 sewer rats a grid bug a bat a lichen 2 kobold zombies 4 newts 86 creatures vanquished. Voluntary challenges: You were an atheist. You used a wielded weapon 70 times. You read items or engraved 3 times. You put on armor 3 times. You never genocided any monsters. You never polymorphed an object. You never changed form. You used no wishes. You wrote Elbereth's name 2 times. You never encountered a bones level. You never used any Sokoban shortcuts. Dungeon overview: The Dungeons of Doom: levels 1 to 5 Level 1 a long staircase Level 2 a delicatessen, a fountain Level 3 a delicatessen, a fountain Level 4 a general store stairs to The Gnomish Mines Level 5 <- You were here many fountains The Gnomish Mines: Level 5 stairs to The Dungeons of Doom History has recorded: On T:1 you entered the Dungeons of Doom to retrieve the Amulet of Yendor! On T:442 you reached level 2 of The Dungeons of Doom. On T:609 you advanced to experience level 2. On T:672 you advanced to experience level 3. On T:775 you advanced to experience level 4. On T:952 you advanced to experience level 5. On T:1032 you reached level 3 of The Dungeons of Doom. On T:1476 you reached level 4 of The Dungeons of Doom. On T:1748 you reached level 1 of The Gnomish Mines. On T:1935 you reached level 5 of The Dungeons of Doom. On T:1962 you advanced to experience level 6. On T:2174 you advanced to experience level 7. Latest messages: The medallion crumbles to dust! Taro misses the red naga hatchling. The spell misses the dwarf lord. Taro misses the dwarf mummy. The dwarf mummy turns to flee! Taro bites the red naga hatchling. The red naga hatchling is killed! Taro eats a red naga hatchling corpse. The spell hits the dwarf mummy! [HP+1=5] The dwarf lord throws a dagger! You are hit by a dagger. Wizard, your life force is running out. [HP-1=4] The dwarf mummy hits! [HP-3=1] The dwarf mummy hits! You die... Final status: Goodbye groovejumper the Wizard... You died in The Dungeons of Doom on dungeon level 5 with 3649 points, and 85 pieces of gold, after 3073 moves. You were level 7 with a maximum of 49 hit points when you died.